 Dungeon Crawl Stone Soup version 0.29.1-15-g9cfb28693d (webtiles) character file.

Game seed: 7121546904520616942

387 CatalinOSBI the Magician (level 6, 0/41 HPs)
             Began as a Mummy Necromancer on Mar 28, 2023.
             Slain by a gnoll
             ... wielding a +0 spear
              (2 damage)
             ... on level 4 of the Dungeon.
             The game lasted 00:34:00 (4037 turns).

CatalinOSBI the Magician (Mummy Necromancer)        Turns: 4037, Time: 00:34:01

Health: 0/41       AC:  3    Str: 11    XL:     6   Next: 49%
Magic:  4/15       EV: 12    Int: 16    God:
Gold:   244        SH:  0    Dex: 13    Spells: 9/17 levels left

rFire   x . .      SeeInvis .   q - +4 flail (drain)
rCold   + . .      Faith    .   (no shield)
rNeg    + + +      Spirit   .   a - +0 robe
rPois   ∞          Reflect  .   (no helmet)
rElec   .          Harm     .   (no cloak)
rCorr   .          Rampage  .   (no gloves)
Will    .....                   i - +0 pair of boots
Stlth   ++........              (no amulet)
HPRegen 0.13/turn               (no ring)
MPRegen 0.14/turn               (no ring)

@: about to teleport
A: cold resistance 1, negative energy resistance 3, torment resistance 2, heat
vulnerability 1, in touch with death 1, no potions
a: no special abilities


You were on level 4 of the Dungeon.
You visited 1 branch of the dungeon, and saw 4 of its levels.

You collected 244 gold pieces.

Inventory:

Hand Weapons
 b - a +0 long sword
 g - a +2 whip of freezing
 h - a +0 flail of protection
 q - a +4 flail of draining (weapon)
Missiles
 t - 5 poisoned darts (quivered)
Armour
 a - a +0 robe (worn)
 i - a +0 pair of boots (worn)
Wands
 j - a wand of flame (27)
Scrolls
 d - 2 scrolls of summoning {unknown}
 e - a scroll of magic mapping
 f - a scroll of amnesia {unknown}
 m - 2 scrolls of teleportation
 n - a scroll of enchant armour {unknown}
 o - a scroll of identify
 p - a scroll of acquirement {unknown}
 s - a scroll of blinking {unknown}
Potions
 c - a potion of cancellation
 k - a potion of degeneration {unknown}
 l - 2 potions of magic
 r - a potion of flight {unknown}


   Skills:
 - Level 1.7 Dodging
 - Level 1.7 Stealth
 * Level 6.2 Spellcasting
 * Level 6.1 Necromancy


You had 9 spell levels left.
You knew the following spells:

 Your Spells              Type           Power      Damage    Failure   Level
a - Necrotise             Necr           100%       1d9       1%          1
b - Vampiric Draining     Necr           37%        2d8       3%          3
c - Animate Dead          Necr           37%        N/A       11%         4

Your spell library contained the following spells:

 Spells                   Type           Power      Damage    Failure   Level
 Ensorcelled Hibernation  Hex/Ice        8%         N/A       21%         2
 Passwall                 Tmut/Erth      3%         N/A       21%         2
 Static Discharge         Conj/Air       4%         3-4/arc   21%         2
 Agony                    Necr           37%        N/A       30%         5
 Gell's Gravitas          Tloc           4%         N/A       38%         3
 Lesser Beckoning         Tloc           4%         N/A       38%         3
 Ozocubu's Armour         Ice            4%         N/A       38%         3
 Swiftness                Air            4%         N/A       38%         3
 Teleport Other           Tloc           4%         N/A       38%         3
 Lightning Bolt           Conj/Air       2%         1d13      98%         5
 Ozocubu's Refrigeration  Ice            2%         4d7       100%        7
 Maxwell's Capacitive Co  Air            2%         ∞         100%        8


Dungeon Overview and Level Annotations

Branches:
Dungeon (4/15)             Temple (0/1) D:4

Altars:


Innate Abilities, Weirdness & Mutations

You are immune to poison.
Your flesh is cold resistant. (rC+)
You are immune to negative energy. (rN+++)
You are immune to unholy pain and torment.
You are vulnerable to heat. (rF-)
You are in touch with the powers of death.
You do not drink.


Message History

The gnoll hits you with a +0 club.
Casting: Vampiric Draining (dangerous; 3% risk of failure)
Confirm with . or Enter, or press ? or * to list all spells.
Aiming: Necrotise (safe; 1% risk of failure)
Press: ? - help, Shift-Dir - straight line, f/p - gnoll
Aim: a gnoll, wielding a +0 club (severely wounded, ally target, chance to affect: 88%)
You feel a surge of power!
The gnoll writhes in agony!
You kill the gnoll!
The dead are walking!
The gnoll hits you from afar with a +0 spear.
The gnoll barely misses you.
The gnoll hits your gnoll zombie with a +0 spear.
Throw: 6 darts (poison)
Press: ? - help, Q - select action, (/) - cycle Shift-Dir - straight line, f - gnoll
Aim: a gnoll, wielding a +0 spear (60% to hit)
You throw a poisoned dart.
The poisoned dart barely misses the gnoll.
The poisoned dart hits the gnoll.
The gnoll is poisoned.
Your gnoll zombie hits the gnoll.
The gnoll hits your gnoll zombie with a +0 spear!
Your gnoll zombie is destroyed!
The gnoll hits you from afar with a +0 spear!
* * * LOW HITPOINT WARNING * * *
The gnoll hits your gnoll zombie with a +0 spear!
The gnoll barely misses you. The gnoll barely misses you.
Your gnoll zombie hits the gnoll.
The gnoll hits your gnoll zombie with a +0 spear!
The gnoll hits your gnoll zombie with a +0 spear.
Your gnoll zombie is destroyed!
Your reaping aura is weakening.
The gnoll closely misses you.
Your reaping aura expires.
The gnoll hits you from afar with a +0 spear.
* * * LOW HITPOINT WARNING * * *
The gnoll hits you from afar with a +0 spear.
* * * LOW HITPOINT WARNING * * *
As you read the scroll of teleportation, it crumbles to dust.
You feel strangely unstable.
The gnoll hits you from afar with a +0 spear.
You die...

#...#+## ##^####.###...
###....# . #.
#.............
.......####...
#..##..#..#.###..#
##............ ..........#
#...#. #......####..
#...()...#.#....# ##......#
# ####..)..#.....#.
##..#+#.###..
.........####...# ##..#
#...#...######..#..........
.#..#
###.#.....@.........>##....
)...#
#[#....#.#.#.##.#########
...##.#
#.#......g....#........ #
......#
#.#..#.#.#g#.....####..
#########.####.#.#.#.##..#
.................#.#####.#
#########.####.###....g..#
..# #.# #......#####.♣ #.#
#.# ######.# .♣


You could see 2 gnolls.

Vanquished Creatures
  A black bear (D:4)
  A hound (D:4)
  2 iguanas (D:4)
  An adder (D:4)
  14 gnolls
  3 dart slugs
  An orc (D:4)
  6 endoplasms
  11 goblins
  2 hobgoblins
  5 kobolds
  3 quokkas
  3 ball pythons
  8 bats
  A frilled lizard (D:1)
  2 rats
64 creatures vanquished.

Vanquished Creatures (collateral kills)
  A worm (D:4)
  An endoplasm (D:1)
  A hobgoblin (D:1)
  2 frilled lizards
  A rat (D:1)
6 creatures vanquished.

Vanquished Creatures (others)
  A hound zombie (D:4)
  A bat zombie (D:3)
  A frilled lizard zombie (D:3)
  4 gnoll zombies (D:4)
7 creatures vanquished.

Grand Total: 77 creatures vanquished

Notes
Turn   | Place    | Note
-------+----------+-------------------------------------------
     0 | D:1      | CatalinOSBI the Mummy Necromancer began the quest for the
                  | Orb.
     0 | D:1      | Reached XP level 1. HP: 13/13 MP: 4/4
   156 | D:1      | Reached XP level 2. HP: 19/19 MP: 3/6
   225 | D:1      | Found a faded altar of an unknown god.
   618 | D:1      | Gained mutation: You are in touch with the powers of death.
                  | [Mummy growth]
   618 | D:1      | Reached XP level 3. HP: 24/24 MP: 0/8
   764 | D:1      | Learned a level 3 spell: Vampiric Draining
  1333 | D:2      | Reached XP level 4. HP: 18/30 MP: 1/10
  1709 | D:2      | Learned a level 4 spell: Animate Dead
  2391 | D:3      | Reached skill level 5 in Necromancy
  2708 | D:3      | Reached XP level 5. HP: 34/35 MP: 12/12
  3092 | D:4      | Reached skill level 5 in Spellcasting
  3651 | D:4      | Noticed a black bear
  3662 | D:4      | Killed a black bear
  3663 | D:4      | Reached XP level 6. HP: 41/41 MP: 5/14
  3944 | D:4      | Found a staircase to the Ecumenical Temple.
  4035 | D:4      | HP: 2/41 [gnoll/+0 spear (3)]
  4037 | D:4      | Slain by a gnoll

Illustrated notes

Levels and vault maps discovered:
D:1:      nagdon_arrival_double_spiral, layout_basic,
          shapermc_ecumenical_altar_notcrosses
D:2:      layout_loops_ring, grunt_decor_resistance
D:3:      layout_rooms, hex_medium
D:4:      minmay_chambers_of_threes, layout_basic, kennysheep_mini_moat,
          minmay_temple_entry_grid, roderic_batcave, uniq_ijyb

Skill      XL: |  1  2  3  4  5  6 |
---------------+-------------------+-----
Spellcasting   | 3 4 5 6 |  6.2
Necromancy     | 5 6 |  6.1
Dodging        | |  1.7
Stealth        | |  1.7

Action                   |  1- 3 |  4- 6 || total
-------------------------+-------+-------++-------
Melee: Long sword        |     2 |       ||     2
       Flail             |       |     8 ||     8
Throw: Dart              |       |     4 ||     4
 Cast: Necrotise         |    47 |    56 ||   103
       Vampiric Draining |     1 |    19 ||    20
       Animate Dead      |       |     6 ||     6
  Use: Scroll            |     5 |     2 ||     7
Armor: Robe              |     4 |    17 ||    21
Dodge: Dodged            |    15 |    73 ||    88
